[ AOE2 MATCH · #469337858 ]
UnrankedPersians vs Lithuanians
[ REPLAY ANALYSIS · EXTRACTED FROM THE RECORDED GAME ]
Feudal
10:26
Castle
16:54
Imperial
29:04
| APM avg | 25.9 |
| APM peak | 78 |
| eAPM avg | 14.0 |
| Villagers / military | 138 / 119 |
Focus
⚔️ 27.5% · 🌾 72.5%
Knight ×76 · Skirmisher ×40 · Bombard Cannon ×3
Feudal
9:56
Castle
15:34
Imperial
29:15
| APM avg | 23.2 |
| APM peak | 74 |
| eAPM avg | 13.8 |
| Villagers / military | 105 / 166 |
Focus
⚔️ 23.4% · 🌾 76.6%
Battle Elephant ×124 · Scout Cavalry ×28 · Karambit Warrior ×6 · Monk ×4 · Trebuchet (Packed) ×4
Feudal
11:51
Castle
15:46
Imperial
34:15
| APM avg | 32.4 |
| APM peak | 79 |
| eAPM avg | 20.9 |
| Villagers / military | 131 / 141 |
Focus
⚔️ 31.5% · 🌾 68.5%
Spearman ×126 · Monk ×5 · Knight ×4 · Leitis ×4 · Trebuchet (Packed) ×2
Feudal
12:20
Castle
18:26
Imperial
23:51
| APM avg | 35.5 |
| APM peak | 96 |
| eAPM avg | 22.6 |
| Villagers / military | 85 / 86 |
Focus
⚔️ 21.2% · 🌾 78.8%
Hand Cannoneer ×48 · Scout Cavalry ×12 · Bombard Cannon ×12 · Spearman ×7 · Camel Scout ×4 · Monk ×3
Feudal
10:44
Castle
15:44
Imperial
39:05
| APM avg | 31.8 |
| APM peak | 70 |
| eAPM avg | 17.6 |
| Villagers / military | 117 / 79 |
Focus
⚔️ 18.9% · 🌾 81.1%
Skirmisher ×68 · Spearman ×7 · Mangonel ×3 · Battering Ram ×1
Feudal
12:46
Castle
16:36
Imperial
30:38
| APM avg | 60.3 |
| APM peak | 172 |
| eAPM avg | 27.0 |
| Villagers / military | 102 / 38 |
Focus
⚔️ 16.4% · 🌾 83.6%
Spearman ×19 · Knight ×14 · Petard ×2 · Trebuchet (Packed) ×2 · Mangonel ×1
Feudal
10:06
Castle
13:42
Imperial
26:49
| APM avg | 64.4 |
| APM peak | 108 |
| eAPM avg | 35.4 |
| Villagers / military | 124 / 173 |
Focus
⚔️ 18.9% · 🌾 81.1%
Steppe Lancer ×167 · Bombard Cannon ×5 · Monk ×1
Feudal
—
Castle
—
Imperial
—
| APM avg | 27.2 |
| APM peak | 71 |
| eAPM avg | 17.1 |
| Villagers / military | 132 / 165 |
Focus
⚔️ 27.3% · 🌾 72.7%
Spearman ×102 · Organ Gun ×44 · Hand Cannoneer ×14 · Petard ×5
Match map
Initial resources + every placement click. Lines = walls · curves = elevation contours. ◆ gold · ⬟ stone · ● berries · ✦ relic · ◌ wall gap
Your base· ✓ Closed at 16:54 · 0t walls · 3 gate(s)
帝国浪子's base· ✓ Closed at 15:34 · 0t walls · 2 gate(s)
Rashedul's base· ✓ Closed at 15:46 · 0t walls · 2 gate(s)
TikishTakush's base· ✓ Closed at 18:26 · 0t walls · 3 gate(s)
LD's base· ✓ Closed at 15:44 · 0t walls · 3 gate(s)
mannamehdi's base· ✓ Closed at 16:36 · 0t walls · 2 gate(s)
tumine's base· ✓ Closed at 13:42 · 0t walls · 2 gate(s)
Sarder King's base· ✓ Closed at 12:34 · 0t walls · 3 gate(s)
Smoothed initial terrain · ◌ = detected wall gap · hover for details
Inputs per minute
— Trog - - 帝国浪子
Build order — Trog
First 150 of 349 actions detected
| 0:01 | Create | Villager (Male) ×5 |
| 0:01 | Create | Villager (Male) ×5 |
| 0:04 | Build | House |
| 0:06 | Build | House |
| 0:24 | Build | House |
| 0:38 | Build | House |
| 1:33 | Create | Villager (Male) |
| 1:34 | Create | Villager (Male) |
| 2:10 | Create | Villager (Male) |
| 2:34 | Create | Villager (Male) |
| 2:58 | Create | Villager (Male) |
| 2:59 | Create | Villager (Male) |
| 3:04 | Create | Villager (Male) |
| 3:54 | Create | Villager (Male) |
| 3:55 | Create | Villager (Male) |
| 4:20 | Create | Villager (Male) |
| 4:21 | Create | Villager (Male) |
| 5:06 | Create | Villager (Male) |
| 5:37 | Build | Mill |
| 5:45 | Create | Villager (Male) |
| 5:45 | Create | Villager (Male) |
| 6:27 | Create | Villager (Male) |
| 6:28 | Create | Villager (Male) |
| 6:34 | Build | Lumber Camp |
| 6:53 | Create | Villager (Male) |
| 7:52 | Build | Lumber Camp |
| 8:04 | Build | House |
| 8:06 | Build | House |
| 8:22 | Research | Feudal Age |
| 8:34 | Create | Villager (Male) |
| 8:34 | Create | Villager (Male) |
| 9:04 | Build | Farm |
| 9:34 | Build | House |
| 9:56 | Build | Mining Camp |
| 10:21 | Build | House |
| 10:25 | Build | Farm |
| 10:26 | Age | Feudal Age |
| 10:27 | Create | Villager (Male) |
| 10:34 | Build | Blacksmith |
| 10:45 | Research | Double-Bit Axe |
| 10:46 | Create | Villager (Male) |
| 10:58 | Build | Market |
| 11:27 | Build | Farm |
| 11:38 | Build | Farm |
| 11:42 | Create | Villager (Male) |
| 11:51 | Build | Farm |
| 11:57 | Build | House |
| 12:00 | Build | Farm |
| 12:14 | Create | Villager (Male) |
| 12:22 | Build | Farm |
| 12:37 | Create | Villager (Male) |
| 12:45 | Build | Farm |
| 13:08 | Create | Villager (Male) |
| 13:10 | Build | Farm |
| 13:19 | Build | House |
| 13:41 | Build | Farm |
| 13:51 | Build | House |
| 14:05 | Research | Loom |
| 14:29 | Research | Castle Age |
| 14:36 | Build | Barracks |
| 14:57 | Research | Horse Collar |
| 15:21 | Create | Villager (Male) |
| 15:21 | Create | Villager (Male) |
| 15:35 | Build | House |
| 15:45 | Build | Mining Camp |
| 15:55 | Create | Villager (Male) |
| 16:20 | Build | Stable |
| 16:24 | Build | House |
| 16:27 | Create | Villager (Male) |
| 16:54 | Age | Castle Age |
| 16:59 | Build | Town Center |
| 17:06 | Build | Town Center |
| 17:28 | Build | Farm |
| 17:31 | Build | Farm |
| 18:01 | Create | Villager (Male) |
| 18:15 | Build | House |
| 18:20 | Create | Villager (Male) |
| 18:20 | Create | Villager (Male) |
| 18:25 | Create | Villager (Male) |
| 18:26 | Create | Villager (Male) |
| 18:29 | Create | Villager (Male) |
| 18:29 | Create | Villager (Male) |
| 18:41 | Create | Villager (Male) |
| 18:42 | Create | Villager (Male) |
| 18:43 | Create | Villager (Male) |
| 19:01 | Build | Farm |
| 19:03 | Build | Farm |
| 19:08 | Build | Farm |
| 19:11 | Build | Farm |
| 19:16 | Build | Farm |
| 19:19 | Create | Villager (Male) |
| 19:19 | Create | Villager (Male) |
| 19:20 | Create | Villager (Male) |
| 19:21 | Create | Villager (Male) |
| 19:23 | Create | Villager (Male) |
| 19:23 | Create | Villager (Male) |
| 19:30 | Build | Farm |
| 19:35 | Build | Farm |
| 19:51 | Create | Villager (Male) |
| 19:51 | Create | Villager (Male) |
| 19:55 | Build | Farm |
| 20:06 | Build | Farm |
| 20:10 | Build | Farm |
| 20:14 | Create | Villager (Male) |
| 20:16 | Create | Villager (Male) |
| 20:20 | Build | Farm |
| 20:37 | Create | Villager (Male) |
| 20:39 | Create | Villager (Male) |
| 20:55 | Build | University |
| 21:03 | Create | Villager (Male) |
| 21:04 | Create | Villager (Male) |
| 21:05 | Create | Villager (Male) |
| 21:06 | Create | Villager (Male) |
| 21:07 | Create | Villager (Male) |
| 21:14 | Research | Bow Saw |
| 21:26 | Create | Villager (Male) |
| 21:29 | Create | Villager (Male) |
| 21:42 | Build | Town Center |
| 21:50 | Create | Villager (Male) |
| 21:50 | Create | Villager (Male) |
| 21:54 | Create | Villager (Male) |
| 21:54 | Create | Villager (Male) |
| 21:58 | Build | Farm |
| 22:01 | Build | Farm |
| 22:06 | Build | Farm |
| 22:08 | Build | Farm |
| 22:11 | Build | Farm |
| 22:21 | Create | Villager (Male) |
| 22:21 | Create | Villager (Male) |
| 22:25 | Create | Villager (Male) |
| 22:26 | Create | Villager (Male) |
| 22:29 | Create | Villager (Male) |
| 22:41 | Build | Farm |
| 22:41 | Build | Farm |
| 22:42 | Build | Farm |
| 22:44 | Build | Farm |
| 22:47 | Build | Farm |
| 22:56 | Create | Villager (Male) |
| 22:57 | Create | Villager (Male) |
| 22:59 | Create | Villager (Male) |
| 23:04 | Build | Farm |
| 23:08 | Create | Villager (Male) |
| 23:08 | Create | Villager (Male) |
| 23:08 | Create | Villager (Male) |
| 23:15 | Create | Villager (Male) |
| 23:20 | Build | Farm |
| 23:24 | Build | Farm |
| 23:27 | Create | Villager (Male) |
| 23:31 | Create | Villager (Male) |
| 23:32 | Create | Villager (Male) |
Build order — 帝国浪子
First 150 of 342 actions detected
| 0:02 | Create | Villager (Male) |
| 0:03 | Create | Villager (Male) |
| 0:04 | Build | House |
| 0:06 | Build | House |
| 0:07 | Create | Villager (Male) |
| 0:07 | Create | Villager (Male) |
| 1:40 | Create | Villager (Male) |
| 1:54 | Create | Villager (Male) |
| 2:41 | Research | Loom |
| 2:59 | Create | Villager (Male) |
| 2:59 | Create | Villager (Male) |
| 3:00 | Create | Villager (Male) |
| 3:14 | Build | Lumber Camp |
| 4:17 | Create | Villager (Male) |
| 4:17 | Create | Villager (Male) |
| 4:28 | Build | House |
| 4:33 | Create | Villager (Male) |
| 4:50 | Create | Villager (Male) |
| 5:13 | Create | Villager (Male) |
| 5:47 | Create | Villager (Male) |
| 6:15 | Build | House |
| 6:34 | Build | Mill |
| 6:37 | Create | Villager (Male) |
| 7:10 | Create | Villager (Male) |
| 7:42 | Create | Villager (Male) |
| 7:51 | Create | Villager (Male) |
| 8:06 | Create | Villager (Male) |
| 8:38 | Research | Feudal Age |
| 9:17 | Build | Mining Camp |
| 9:36 | Build | House |
| 9:56 | Age | Feudal Age |
| 9:58 | Create | Villager (Male) |
| 9:58 | Create | Villager (Male) |
| 10:00 | Create | Villager (Male) |
| 10:24 | Build | Market |
| 10:38 | Create | Villager (Male) |
| 11:01 | Create | Villager (Male) |
| 11:32 | Build | Blacksmith |
| 11:40 | Create | Villager (Male) |
| 11:45 | Build | Farm |
| 11:46 | Build | Farm |
| 11:51 | Build | Farm |
| 12:05 | Create | Villager (Male) |
| 12:28 | Build | House |
| 12:29 | Build | House |
| 12:30 | Build | House |
| 12:33 | Create | Villager (Male) |
| 12:40 | Build | Farm |
| 12:43 | Create | Villager (Male) |
| 12:55 | Build | Farm |
| 13:02 | Create | Villager (Male) |
| 13:23 | Create | Villager (Male) |
| 13:43 | Build | Farm |
| 13:51 | Build | Lumber Camp |
| 13:58 | Research | Castle Age |
| 14:15 | Build | Farm |
| 14:18 | Build | Farm |
| 14:38 | Build | Farm |
| 14:46 | Research | Double-Bit Axe |
| 15:21 | Research | Horse Collar |
| 15:34 | Age | Castle Age |
| 15:36 | Create | Villager (Male) |
| 15:49 | Build | Town Center |
| 16:03 | Build | Farm |
| 16:06 | Create | Villager (Male) |
| 16:27 | Create | Villager (Male) |
| 16:47 | Build | Town Center |
| 16:53 | Create | Villager (Male) |
| 16:59 | Build | Farm |
| 17:12 | Create | Villager (Male) |
| 17:25 | Build | Farm |
| 17:30 | Build | Farm |
| 17:31 | Build | Farm |
| 17:32 | Build | Farm |
| 17:37 | Build | Farm |
| 17:39 | Create | Villager (Male) |
| 17:42 | Create | Villager (Male) |
| 17:45 | Create | Villager (Male) |
| 17:55 | Build | Farm |
| 17:55 | Build | Farm |
| 18:10 | Build | Monastery |
| 18:18 | Create | Villager (Male) |
| 18:19 | Create | Villager (Male) |
| 18:25 | Build | Farm |
| 18:28 | Create | Villager (Male) |
| 18:36 | Create | Villager (Male) |
| 18:40 | Create | Villager (Male) |
| 18:49 | Build | Farm |
| 18:50 | Create | Villager (Male) |
| 18:53 | Create | Villager (Male) |
| 19:09 | Create | Monk |
| 19:23 | Create | Villager (Male) |
| 19:24 | Create | Villager (Male) |
| 19:25 | Create | Villager (Male) |
| 19:37 | Build | Farm |
| 19:40 | Build | Farm |
| 19:48 | Build | Farm |
| 19:49 | Build | Farm |
| 19:54 | Research | Bow Saw |
| 20:02 | Build | Farm |
| 20:03 | Build | Farm |
| 20:04 | Build | Farm |
| 20:05 | Build | Farm |
| 20:06 | Build | Farm |
| 20:10 | Create | Villager (Male) |
| 20:11 | Create | Villager (Male) |
| 20:12 | Create | Villager (Male) |
| 20:19 | Build | House |
| 20:20 | Build | House |
| 20:21 | Build | House |
| 20:28 | Research | Heavy Plow |
| 20:39 | Create | Villager (Male) |
| 20:41 | Create | Villager (Male) |
| 20:55 | Create | Monk |
| 21:17 | Research | Wheelbarrow |
| 21:18 | Create | Villager (Male) |
| 21:19 | Create | Villager (Male) |
| 21:29 | Create | Villager (Male) |
| 21:33 | Create | Villager (Male) |
| 21:44 | Build | House |
| 21:55 | Create | Villager (Male) |
| 21:56 | Create | Villager (Male) |
| 22:05 | Build | Farm |
| 22:07 | Build | Farm |
| 22:08 | Build | Farm |
| 22:14 | Build | Farm |
| 22:15 | Create | Villager (Male) |
| 22:18 | Create | Villager (Male) |
| 22:32 | Build | Town Center |
| 22:41 | Create | Villager (Male) |
| 22:44 | Research | Hand Cart |
| 22:45 | Create | Villager (Male) |
| 22:49 | Create | Villager (Male) |
| 22:55 | Build | House |
| 22:56 | Build | House |
| 23:01 | Research | Stone Mining |
| 23:03 | Research | Gold Mining |
| 23:05 | Create | Villager (Male) |
| 23:44 | Create | Villager (Male) |
| 23:45 | Create | Villager (Male) |
| 23:45 | Create | Villager (Male) |
| 23:46 | Create | Villager (Male) |
| 23:52 | Create | Villager (Male) |
| 23:52 | Create | Villager (Male) |
| 24:12 | Build | Stone Wall |
| 24:44 | Build | Gate |
| 24:47 | Research | Gold Shaft Mining |
| 24:53 | Build | Barracks |
| 24:58 | Create | Villager (Male) |
| 24:59 | Create | Villager (Male) |
Build order — Rashedul
First 150 of 439 actions detected
| 0:01 | Create | Villager (Male) |
| 0:01 | Create | Villager (Male) |
| 0:02 | Create | Villager (Male) |
| 0:02 | Create | Villager (Male) |
| 0:05 | Build | House |
| 0:06 | Build | House |
| 0:16 | Create | Villager (Male) |
| 0:16 | Create | Villager (Male) |
| 0:17 | Create | Villager (Male) |
| 0:37 | Build | House |
| 0:38 | Build | House |
| 0:39 | Build | House |
| 1:41 | Create | Villager (Male) |
| 1:41 | Create | Villager (Male) |
| 2:17 | Create | Villager (Male) |
| 2:24 | Create | Villager (Male) |
| 2:24 | Create | Villager (Male) |
| 2:51 | Create | Villager (Male) |
| 3:21 | Create | Villager (Male) |
| 3:21 | Create | Villager (Male) |
| 3:57 | Create | Villager (Male) |
| 3:58 | Create | Villager (Male) |
| 3:58 | Create | Villager (Male) |
| 4:01 | Build | Lumber Camp |
| 4:12 | Create | Villager (Male) |
| 4:35 | Create | Villager (Male) |
| 4:35 | Create | Villager (Male) |
| 5:16 | Create | Villager (Male) |
| 5:16 | Create | Villager (Male) |
| 5:17 | Create | Villager (Male) |
| 6:08 | Create | Villager (Male) |
| 7:12 | Create | Villager (Male) |
| 7:12 | Create | Villager (Male) |
| 8:26 | Create | Villager (Male) |
| 8:26 | Create | Villager (Male) |
| 8:27 | Create | Villager (Male) |
| 8:36 | Build | Mill |
| 9:31 | Research | Feudal Age |
| 9:38 | Build | Mining Camp |
| 9:46 | Build | Farm |
| 9:48 | Build | Farm |
| 9:49 | Build | Farm |
| 9:50 | Build | Farm |
| 9:54 | Build | Farm |
| 9:55 | Build | Farm |
| 10:01 | Build | Farm |
| 10:17 | Build | House |
| 10:27 | Create | Villager (Male) |
| 10:28 | Create | Villager (Male) |
| 11:51 | Age | Feudal Age |
| 11:53 | Build | Market |
| 11:57 | Build | Blacksmith |
| 12:21 | Create | Villager (Male) |
| 13:04 | Research | Castle Age |
| 13:21 | Research | Double-Bit Axe |
| 13:21 | Research | Double-Bit Axe |
| 13:31 | Build | Lumber Camp |
| 13:36 | Create | Villager (Male) |
| 13:40 | Build | Farm |
| 13:41 | Build | Farm |
| 14:17 | Create | Villager (Male) |
| 14:17 | Create | Villager (Male) |
| 15:46 | Age | Castle Age |
| 15:48 | Build | Town Center |
| 15:51 | Create | Villager (Male) |
| 16:13 | Create | Villager (Male) |
| 16:24 | Create | Villager (Male) |
| 16:37 | Build | Town Center |
| 16:40 | Create | Villager (Male) |
| 16:46 | Create | Villager (Male) |
| 16:53 | Build | Monastery |
| 16:58 | Create | Villager (Male) |
| 17:05 | Create | Villager (Male) |
| 17:16 | Create | Villager (Male) |
| 17:18 | Create | Villager (Male) |
| 17:18 | Create | Villager (Male) |
| 17:21 | Create | Villager (Male) |
| 17:41 | Build | Farm |
| 17:42 | Build | Farm |
| 17:51 | Create | Monk |
| 17:57 | Create | Villager (Male) |
| 18:08 | Build | Farm |
| 18:16 | Create | Villager (Male) |
| 18:21 | Create | Villager (Male) |
| 18:35 | Create | Villager (Male) |
| 18:35 | Create | Villager (Male) |
| 18:38 | Build | House |
| 18:39 | Build | House |
| 18:40 | Build | House |
| 18:41 | Build | House |
| 18:42 | Build | House |
| 18:43 | Build | House |
| 18:46 | Create | Villager (Male) |
| 18:47 | Create | Villager (Male) |
| 18:51 | Build | Farm |
| 18:52 | Build | Farm |
| 18:58 | Build | Farm |
| 18:58 | Build | Farm |
| 19:00 | Create | Villager (Male) |
| 19:00 | Create | Villager (Male) |
| 19:04 | Create | Villager (Male) |
| 19:04 | Create | Villager (Male) |
| 19:13 | Build | Farm |
| 19:13 | Build | Farm |
| 19:18 | Create | Monk |
| 19:24 | Create | Villager (Male) |
| 19:25 | Build | Farm |
| 19:37 | Build | Farm |
| 19:47 | Build | Farm |
| 19:50 | Create | Villager (Male) |
| 19:54 | Create | Villager (Male) |
| 20:13 | Research | Loom |
| 20:14 | Create | Villager (Male) |
| 20:15 | Create | Villager (Male) |
| 20:16 | Create | Villager (Male) |
| 20:21 | Build | Farm |
| 20:25 | Build | Farm |
| 20:33 | Create | Villager (Male) |
| 20:35 | Create | Villager (Male) |
| 20:49 | Build | Barracks |
| 20:54 | Create | Villager (Male) |
| 20:58 | Research | Fervor |
| 21:01 | Build | Farm |
| 21:05 | Build | Lumber Camp |
| 21:06 | Create | Villager (Male) |
| 21:07 | Create | Villager (Male) |
| 21:53 | Build | Stable |
| 21:55 | Create | Monk |
| 22:08 | Research | Wheelbarrow |
| 22:09 | Create | Villager (Male) |
| 22:11 | Research | Bow Saw |
| 22:12 | Research | Horse Collar |
| 22:21 | Create | Villager (Male) |
| 22:24 | Build | Farm |
| 22:25 | Build | Farm |
| 22:31 | Build | House |
| 22:35 | Build | House |
| 22:36 | Build | House |
| 22:45 | Create | Villager (Male) |
| 22:48 | Create | Villager (Male) |
| 23:39 | Build | Castle |
| 23:42 | Create | Monk |
| 24:03 | Create | Monk |
| 24:07 | Create | Villager (Male) |
| 24:08 | Create | Villager (Male) |
| 24:09 | Create | Villager (Male) |
| 24:09 | Create | Villager (Male) |
| 24:10 | Create | Villager (Male) |
| 24:11 | Create | Villager (Male) |
| 24:14 | Create | Villager (Male) |
Build order — TikishTakush
First 150 of 260 actions detected
| 0:03 | Build | House |
| 0:05 | Build | House |
| 0:06 | Create | Villager (Male) |
| 0:06 | Create | Villager (Male) |
| 0:06 | Create | Villager (Male) |
| 0:13 | Create | Villager (Male) |
| 1:27 | Create | Villager (Male) |
| 1:27 | Create | Villager (Male) |
| 1:55 | Build | Lumber Camp |
| 2:07 | Create | Villager (Male) |
| 2:07 | Create | Villager (Male) |
| 2:24 | Create | Villager (Male) |
| 2:25 | Create | Villager (Male) |
| 2:58 | Create | Villager (Male) |
| 2:59 | Create | Villager (Male) |
| 3:12 | Build | House |
| 3:13 | Build | House |
| 3:16 | Create | Villager (Male) |
| 3:53 | Create | Villager (Male) |
| 3:53 | Create | Villager (Male) |
| 4:24 | Research | Loom |
| 4:38 | Create | Villager (Male) |
| 4:39 | Create | Villager (Male) |
| 4:58 | Create | Villager (Male) |
| 5:07 | Create | Villager (Male) |
| 5:07 | Create | Villager (Male) |
| 5:36 | Create | Villager (Male) |
| 5:37 | Create | Villager (Male) |
| 5:43 | Build | Mill |
| 5:46 | Create | Villager (Male) |
| 5:46 | Create | Villager (Male) |
| 6:18 | Create | Villager (Male) |
| 6:18 | Create | Villager (Male) |
| 6:49 | Create | Villager (Male) |
| 7:06 | Create | Villager (Male) |
| 7:06 | Create | Villager (Male) |
| 7:27 | Create | Villager (Male) |
| 7:28 | Create | Villager (Male) |
| 8:05 | Build | House |
| 8:09 | Create | Villager (Male) |
| 8:09 | Create | Villager (Male) |
| 8:27 | Create | Villager (Male) |
| 8:27 | Create | Villager (Male) |
| 9:06 | Build | House |
| 9:24 | Build | Lumber Camp |
| 9:25 | Create | Villager (Male) |
| 9:45 | Create | Villager (Male) |
| 9:51 | Build | House |
| 9:54 | Research | Feudal Age |
| 10:18 | Build | Mining Camp |
| 11:09 | Build | Farm |
| 11:13 | Build | Farm |
| 11:15 | Build | Farm |
| 11:19 | Build | Farm |
| 11:51 | Build | Farm |
| 11:55 | Build | Farm |
| 12:15 | Create | Villager (Male) |
| 12:20 | Age | Feudal Age |
| 12:31 | Build | Market |
| 12:44 | Create | Villager (Male) |
| 13:10 | Create | Villager (Male) |
| 13:12 | Build | Farm |
| 13:17 | Research | Gold Mining |
| 13:25 | Build | House |
| 13:35 | Create | Villager (Male) |
| 13:38 | Build | Farm |
| 13:48 | Build | Farm |
| 13:50 | Build | Farm |
| 13:50 | Build | Farm |
| 14:01 | Create | Villager (Male) |
| 14:11 | Build | Farm |
| 14:14 | Build | Farm |
| 14:26 | Create | Villager (Male) |
| 14:53 | Build | Blacksmith |
| 14:55 | Create | Villager (Male) |
| 15:21 | Create | Villager (Male) |
| 15:38 | Research | Castle Age |
| 15:44 | Build | House |
| 15:53 | Build | Farm |
| 16:17 | Build | House |
| 16:33 | Research | Horse Collar |
| 18:01 | Build | Barracks |
| 18:08 | Create | Villager (Male) |
| 18:26 | Age | Castle Age |
| 18:42 | Build | Monastery |
| 18:50 | Create | Villager (Male) |
| 19:16 | Build | University |
| 19:24 | Build | Siege Workshop |
| 19:26 | Create | Villager (Male) |
| 19:27 | Create | Villager (Male) |
| 19:52 | Create | Villager (Male) |
| 19:57 | Research | Imperial Age |
| 20:06 | Build | Archery Range |
| 20:08 | Research | Fletching |
| 20:16 | Build | University |
| 20:41 | Build | Mining Camp |
| 21:03 | Build | Archery Range |
| 21:29 | Research | Double-Bit Axe |
| 21:33 | Research | Heavy Plow |
| 21:56 | Research | Gold Shaft Mining |
| 22:55 | Research | Ballistics |
| 23:07 | Create | Monk |
| 23:25 | Build | Mining Camp |
| 23:51 | Age | Imperial Age |
| 23:53 | Create | Bombard Cannon |
| 23:57 | Create | Hand Cannoneer |
| 23:58 | Create | Hand Cannoneer |
| 23:58 | Create | Hand Cannoneer |
| 24:13 | Research | Padded Archer Armor |
| 24:34 | Create | Bombard Cannon |
| 24:36 | Create | Villager (Male) |
| 24:36 | Create | Villager (Male) |
| 24:37 | Create | Villager (Male) |
| 24:37 | Create | Villager (Male) |
| 25:01 | Research | Leather Archer Armor |
| 25:02 | Create | Villager (Male) |
| 25:03 | Create | Villager (Male) |
| 25:27 | Create | Hand Cannoneer |
| 25:27 | Create | Hand Cannoneer |
| 25:34 | Create | Villager (Male) |
| 25:46 | Create | Villager (Male) |
| 25:51 | Build | Town Center |
| 25:55 | Research | Stone Mining |
| 26:07 | Build | Siege Workshop |
| 26:11 | Create | Hand Cannoneer |
| 26:12 | Create | Hand Cannoneer |
| 26:18 | Build | House |
| 26:19 | Build | House |
| 26:24 | Research | Wheelbarrow |
| 26:42 | Research | Ring Archer Armor |
| 27:24 | Build | Stable |
| 27:31 | Build | Mining Camp |
| 28:19 | Create | Hand Cannoneer |
| 28:20 | Create | Hand Cannoneer |
| 28:20 | Create | Hand Cannoneer |
| 28:20 | Create | Hand Cannoneer |
| 28:45 | Build | House |
| 28:47 | Build | House |
| 28:48 | Build | House |
| 28:50 | Build | House |
| 29:09 | Research | Hand Cart |
| 29:12 | Create | Villager (Male) |
| 29:13 | Create | Villager (Male) |
| 29:13 | Create | Villager (Male) |
| 30:38 | Create | Hand Cannoneer |
| 30:38 | Create | Hand Cannoneer |
| 30:38 | Create | Hand Cannoneer |
| 30:38 | Create | Hand Cannoneer |
| 30:39 | Create | Hand Cannoneer |
| 30:39 | Create | Hand Cannoneer |
Build order — LD
First 150 of 291 actions detected
| 0:01 | Create | Villager (Male) |
| 0:01 | Create | Villager (Male) |
| 0:01 | Create | Villager (Male) |
| 0:02 | Create | Villager (Male) |
| 0:02 | Create | Villager (Male) |
| 0:04 | Build | House |
| 0:05 | Build | House |
| 0:50 | Build | House |
| 0:51 | Build | House |
| 1:37 | Create | Villager (Male) |
| 2:00 | Create | Villager (Male) |
| 2:01 | Create | Villager (Male) |
| 2:09 | Build | Lumber Camp |
| 2:37 | Create | Villager (Male) |
| 2:37 | Create | Villager (Male) |
| 3:06 | Create | Villager (Male) |
| 3:38 | Create | Villager (Male) |
| 3:39 | Create | Villager (Male) |
| 4:07 | Create | Villager (Male) |
| 4:42 | Build | Mill |
| 5:14 | Create | Villager (Male) |
| 5:15 | Create | Villager (Male) |
| 5:36 | Create | Villager (Male) |
| 6:17 | Create | Villager (Male) |
| 6:25 | Create | Villager (Male) |
| 6:39 | Build | Mining Camp |
| 6:57 | Create | Villager (Male) |
| 6:59 | Create | Villager (Male) |
| 7:46 | Create | Villager (Male) |
| 8:28 | Research | Feudal Age |
| 9:18 | Create | Villager (Male) |
| 9:19 | Create | Villager (Male) |
| 9:23 | Build | House |
| 9:24 | Build | House |
| 10:44 | Age | Feudal Age |
| 10:50 | Build | Market |
| 11:19 | Build | Blacksmith |
| 11:27 | Build | House |
| 11:29 | Build | House |
| 11:39 | Create | Villager (Male) |
| 11:45 | Build | Farm |
| 11:48 | Build | Farm |
| 12:07 | Build | Farm |
| 12:27 | Create | Villager (Male) |
| 12:37 | Build | Farm |
| 13:02 | Build | Farm |
| 13:04 | Research | Castle Age |
| 13:14 | Research | Horse Collar |
| 13:21 | Build | Farm |
| 14:02 | Research | Double-Bit Axe |
| 14:16 | Build | Farm |
| 14:16 | Build | Farm |
| 14:29 | Research | Wheelbarrow |
| 15:44 | Age | Castle Age |
| 15:46 | Build | Town Center |
| 16:09 | Build | Town Center |
| 16:20 | Create | Villager (Male) |
| 16:20 | Create | Villager (Male) |
| 16:25 | Research | Heavy Plow |
| 16:36 | Build | Farm |
| 16:36 | Build | Farm |
| 16:41 | Build | Farm |
| 16:41 | Build | Farm |
| 16:41 | Build | Farm |
| 16:48 | Create | Villager (Male) |
| 16:49 | Create | Villager (Male) |
| 16:59 | Create | Villager (Male) |
| 17:20 | Create | Villager (Male) |
| 17:30 | Build | Farm |
| 17:37 | Build | Farm |
| 17:41 | Build | Farm |
| 17:43 | Create | Villager (Male) |
| 17:45 | Create | Villager (Male) |
| 18:22 | Build | Stone Wall |
| 18:34 | Build | Stone Wall |
| 18:49 | Create | Villager (Male) |
| 18:49 | Create | Villager (Male) |
| 18:50 | Create | Villager (Male) |
| 18:50 | Create | Villager (Male) |
| 18:57 | Build | Siege Workshop |
| 19:14 | Create | Villager (Male) ×5 |
| 19:18 | Build | Farm |
| 19:18 | Build | Farm |
| 20:04 | Create | Mangonel |
| 20:27 | Build | Barracks |
| 20:36 | Create | Villager (Male) ×5 |
| 20:40 | Create | Villager (Male) |
| 21:15 | Create | Mangonel |
| 21:59 | Build | Archery Range |
| 22:06 | Create | Villager (Male) ×5 |
| 22:12 | Build | House |
| 22:12 | Build | House |
| 22:13 | Build | House |
| 22:14 | Build | House |
| 22:14 | Build | House |
| 22:15 | Build | House |
| 22:16 | Build | House |
| 22:17 | Build | House |
| 22:18 | Build | House |
| 22:19 | Build | House |
| 22:20 | Build | House |
| 22:21 | Build | House |
| 22:23 | Create | Villager (Male) |
| 22:23 | Create | Villager (Male) |
| 22:27 | Build | Farm |
| 22:34 | Research | Hand Cart |
| 22:48 | Create | Villager (Male) |
| 22:48 | Create | Villager (Male) |
| 22:50 | Create | Villager (Male) |
| 22:51 | Create | Villager (Male) |
| 22:52 | Create | Villager (Male) |
| 22:53 | Create | Villager (Male) |
| 22:54 | Create | Villager (Male) |
| 22:55 | Create | Villager (Male) |
| 23:17 | Build | Stone Wall |
| 23:21 | Build | Stone Wall |
| 24:34 | Create | Spearman |
| 24:34 | Create | Spearman |
| 24:35 | Create | Spearman |
| 24:39 | Build | Farm |
| 25:07 | Create | Spearman |
| 25:11 | Create | Villager (Male) |
| 25:12 | Create | Villager (Male) |
| 25:17 | Build | University |
| 25:25 | Create | Spearman |
| 25:26 | Create | Spearman |
| 25:52 | Create | Villager (Male) ×5 |
| 26:00 | Create | Spearman |
| 26:47 | Build | Archery Range |
| 26:54 | Create | Villager (Male) ×5 |
| 26:55 | Research | Town Watch |
| 26:55 | Research | Loom |
| 27:00 | Research | Pikeman (upgrade) |
| 27:18 | Build | Stone Wall |
| 27:21 | Build | Stone Wall |
| 27:28 | Build | Mining Camp |
| 27:48 | Build | Stone Wall |
| 27:50 | Build | Stone Wall |
| 28:09 | Build | Gate |
| 28:47 | Create | Villager (Male) ×5 |
| 28:51 | Build | Farm |
| 28:51 | Build | Farm |
| 28:52 | Build | Farm |
| 28:52 | Build | Farm |
| 28:52 | Build | Farm |
| 28:52 | Build | Farm |
| 28:53 | Build | Farm |
| 28:53 | Build | Farm |
| 29:01 | Build | Farm |
| 29:01 | Build | Farm |
Build order — mannamehdi
First 150 of 267 actions detected
| 0:02 | Create | Villager (Male) ×4 |
| 0:02 | Create | Villager (Male) |
| 0:05 | Build | House |
| 0:08 | Build | House |
| 1:36 | Create | Villager (Male) |
| 1:36 | Create | Villager (Male) |
| 2:19 | Create | Villager (Male) |
| 2:19 | Create | Villager (Male) |
| 2:30 | Build | House |
| 2:31 | Build | House |
| 2:38 | Create | Villager (Male) |
| 2:39 | Create | Villager (Male) |
| 3:25 | Create | Villager (Male) |
| 3:25 | Create | Villager (Male) |
| 3:26 | Create | Villager (Male) |
| 3:40 | Build | House |
| 4:21 | Create | Villager (Male) |
| 4:21 | Create | Villager (Male) |
| 4:21 | Create | Villager (Male) |
| 4:22 | Create | Villager (Male) |
| 5:17 | Create | Villager (Male) |
| 5:17 | Create | Villager (Male) |
| 5:18 | Create | Villager (Male) |
| 6:24 | Create | Villager (Male) |
| 6:25 | Create | Villager (Male) |
| 6:25 | Create | Villager (Male) |
| 6:25 | Create | Villager (Male) |
| 6:32 | Build | Mill |
| 6:34 | Create | Villager (Male) |
| 6:34 | Create | Villager (Male) |
| 7:32 | Build | Lumber Camp |
| 7:40 | Create | Villager (Male) |
| 7:40 | Create | Villager (Male) |
| 7:40 | Create | Villager (Male) |
| 7:41 | Create | Villager (Male) |
| 7:41 | Create | Villager (Male) |
| 8:48 | Create | Villager (Male) |
| 8:48 | Create | Villager (Male) |
| 9:03 | Build | Mining Camp |
| 9:31 | Research | Feudal Age |
| 9:50 | Build | Mining Camp |
| 10:07 | Build | Farm |
| 10:11 | Build | Farm |
| 10:15 | Build | Farm |
| 11:01 | Create | Villager (Male) |
| 11:01 | Create | Villager (Male) |
| 11:02 | Research | Loom |
| 12:46 | Age | Feudal Age |
| 12:49 | Build | Market |
| 12:56 | Build | Blacksmith |
| 13:50 | Research | Castle Age |
| 14:23 | Build | House |
| 14:56 | Build | Barracks |
| 15:01 | Build | Farm |
| 15:02 | Build | Farm |
| 15:05 | Build | Farm |
| 15:35 | Build | Stable |
| 15:57 | Build | Farm |
| 16:26 | Build | Mining Camp |
| 16:36 | Age | Castle Age |
| 16:40 | Create | Knight |
| 16:42 | Create | Knight |
| 16:45 | Create | Villager (Male) |
| 16:46 | Create | Villager (Male) |
| 16:46 | Create | Villager (Male) |
| 16:46 | Create | Villager (Male) |
| 16:52 | Build | House |
| 17:13 | Build | Castle |
| 17:22 | Create | Villager (Male) |
| 17:23 | Create | Villager (Male) |
| 17:29 | Create | Villager (Male) |
| 17:30 | Create | Villager (Male) |
| 17:35 | Build | House |
| 17:36 | Build | House |
| 17:51 | Create | Villager (Male) |
| 17:52 | Create | Villager (Male) |
| 17:52 | Create | Villager (Male) |
| 18:26 | Build | Town Center |
| 18:56 | Create | Petard |
| 19:49 | Build | Farm |
| 19:50 | Build | Farm |
| 19:53 | Build | Farm |
| 19:55 | Create | Villager (Male) |
| 19:55 | Create | Villager (Male) |
| 20:04 | Create | Petard |
| 20:16 | Build | Farm |
| 20:18 | Create | Villager (Male) |
| 20:20 | Build | Farm |
| 20:20 | Build | Farm |
| 20:20 | Build | Farm |
| 20:21 | Build | Farm |
| 20:27 | Create | Villager (Male) |
| 20:27 | Create | Villager (Male) |
| 21:57 | Create | Villager (Male) |
| 21:57 | Create | Villager (Male) |
| 21:57 | Create | Villager (Male) |
| 21:59 | Build | Farm |
| 21:59 | Build | Farm |
| 21:59 | Build | Farm |
| 21:59 | Build | Farm |
| 21:59 | Build | Farm |
| 22:00 | Build | Farm |
| 22:01 | Create | Villager (Male) |
| 22:02 | Create | Villager (Male) |
| 22:03 | Create | Villager (Male) |
| 22:12 | Build | Siege Workshop |
| 22:18 | Build | Farm |
| 22:18 | Build | Farm |
| 22:18 | Build | Farm |
| 22:18 | Build | Farm |
| 22:20 | Create | Villager (Male) |
| 22:20 | Create | Villager (Male) |
| 22:44 | Build | Castle |
| 22:50 | Create | Mangonel |
| 23:09 | Create | Villager (Male) |
| 23:10 | Create | Villager (Male) |
| 23:12 | Create | Villager (Male) |
| 23:12 | Create | Villager (Male) |
| 23:21 | Create | Villager (Male) |
| 23:21 | Create | Villager (Male) |
| 24:09 | Build | Farm |
| 24:10 | Build | Farm |
| 24:10 | Build | Farm |
| 24:10 | Build | Farm |
| 24:11 | Build | Farm |
| 24:12 | Create | Villager (Male) |
| 24:12 | Create | Villager (Male) |
| 24:43 | Research | Forging |
| 25:44 | Build | Town Center |
| 26:07 | Build | Farm |
| 26:07 | Build | Farm |
| 26:07 | Build | Farm |
| 26:08 | Build | Farm |
| 26:09 | Build | Farm |
| 26:10 | Build | Farm |
| 26:10 | Build | Farm |
| 26:11 | Create | Villager (Male) |
| 26:12 | Create | Villager (Male) |
| 26:12 | Create | Villager (Male) |
| 26:45 | Build | Farm |
| 26:46 | Build | Farm |
| 26:46 | Build | Farm |
| 26:46 | Build | Farm |
| 26:53 | Build | Farm |
| 26:53 | Build | Farm |
| 26:53 | Build | Farm |
| 26:53 | Build | Farm |
| 26:53 | Build | Farm |
| 26:54 | Build | Farm |
| 26:54 | Build | Farm |
Build order — tumine
First 150 of 355 actions detected
| 0:00 | Create | Villager (Male) |
| 0:00 | Create | Villager (Male) |
| 0:01 | Create | Villager (Male) |
| 0:01 | Create | Villager (Male) |
| 0:02 | Build | House |
| 0:05 | Build | House |
| 1:34 | Create | Villager (Male) |
| 1:34 | Create | Villager (Male) |
| 1:43 | Build | Lumber Camp |
| 1:47 | Create | Villager (Male) |
| 2:24 | Create | Villager (Male) |
| 2:24 | Create | Villager (Male) |
| 2:47 | Create | Villager (Male) |
| 2:56 | Create | Villager (Male) |
| 3:25 | Build | House |
| 3:25 | Build | House |
| 3:32 | Create | Villager (Male) |
| 3:57 | Create | Villager (Male) |
| 4:11 | Build | Mining Camp |
| 4:16 | Create | Villager (Male) |
| 4:16 | Create | Villager (Male) |
| 4:42 | Create | Villager (Male) |
| 5:06 | Create | Villager (Male) |
| 5:29 | Create | Villager (Male) |
| 5:56 | Build | Mill |
| 6:23 | Create | Villager (Male) |
| 6:23 | Create | Villager (Male) |
| 6:45 | Create | Villager (Male) |
| 7:44 | Research | Feudal Age |
| 7:59 | Create | Villager (Male) |
| 7:59 | Create | Villager (Male) |
| 10:06 | Age | Feudal Age |
| 10:10 | Build | Market |
| 10:28 | Build | Blacksmith |
| 11:02 | Research | Castle Age |
| 11:03 | Research | Castle Age |
| 11:16 | Build | House |
| 11:17 | Build | House |
| 11:32 | Research | Double-Bit Axe |
| 11:34 | Build | Farm |
| 11:37 | Build | Farm |
| 12:35 | Research | Horse Collar |
| 12:48 | Build | Farm |
| 12:50 | Build | Farm |
| 13:12 | Create | Villager (Male) |
| 13:42 | Age | Castle Age |
| 13:46 | Build | Town Center |
| 13:53 | Create | Villager (Male) |
| 14:09 | Create | Villager (Male) |
| 14:17 | Build | Town Center |
| 14:25 | Build | Farm |
| 14:29 | Create | Villager (Male) |
| 14:43 | Research | Bow Saw |
| 14:48 | Create | Villager (Male) |
| 15:03 | Create | Villager (Male) |
| 15:20 | Create | Villager (Male) |
| 15:25 | Build | Farm |
| 15:26 | Create | Villager (Male) |
| 15:38 | Build | Farm |
| 15:41 | Create | Villager (Male) |
| 15:45 | Build | Farm |
| 15:59 | Create | Villager (Male) |
| 16:01 | Build | Farm |
| 16:09 | Build | Farm |
| 16:11 | Build | Farm |
| 16:17 | Create | Villager (Male) |
| 16:17 | Create | Villager (Male) |
| 16:19 | Build | Farm |
| 16:28 | Build | Farm |
| 16:32 | Create | Villager (Male) |
| 16:32 | Create | Villager (Male) |
| 16:36 | Build | Farm |
| 16:44 | Build | Farm |
| 16:54 | Build | Farm |
| 16:56 | Create | Villager (Male) |
| 16:56 | Create | Villager (Male) |
| 17:01 | Build | Farm |
| 17:03 | Build | Farm |
| 17:05 | Create | Villager (Male) |
| 17:05 | Create | Villager (Male) |
| 17:10 | Build | Farm |
| 17:17 | Create | Villager (Male) |
| 17:23 | Build | Farm |
| 17:26 | Create | Villager (Male) |
| 17:33 | Build | House |
| 17:34 | Build | House |
| 17:35 | Create | Villager (Male) |
| 17:40 | Build | Farm |
| 17:44 | Build | Farm |
| 17:47 | Create | Villager (Male) |
| 17:52 | Build | Farm |
| 17:54 | Create | Villager (Male) |
| 17:59 | Create | Villager (Male) |
| 18:09 | Create | Villager (Male) |
| 18:16 | Build | Farm |
| 18:19 | Build | House |
| 18:20 | Create | Villager (Male) |
| 18:24 | Create | Villager (Male) |
| 18:29 | Build | Farm |
| 18:30 | Build | Farm |
| 18:33 | Create | Villager (Male) |
| 18:41 | Create | Villager (Male) |
| 18:48 | Build | Farm |
| 18:50 | Create | Villager (Male) |
| 18:51 | Create | Villager (Male) |
| 18:57 | Build | Farm |
| 18:58 | Build | Farm |
| 19:04 | Create | Villager (Male) |
| 19:08 | Build | Farm |
| 19:10 | Create | Villager (Male) |
| 19:20 | Build | Monastery |
| 19:22 | Build | House |
| 19:23 | Create | Villager (Male) |
| 19:27 | Research | Wheelbarrow |
| 19:27 | Research | Wheelbarrow |
| 19:32 | Build | Farm |
| 19:42 | Create | Villager (Male) |
| 19:48 | Create | Villager (Male) |
| 19:48 | Create | Villager (Male) |
| 19:52 | Create | Villager (Male) |
| 19:58 | Create | Villager (Male) |
| 20:03 | Build | Farm |
| 20:04 | Create | Villager (Male) |
| 20:06 | Create | Monk |
| 20:14 | Create | Villager (Male) |
| 20:28 | Create | Villager (Male) |
| 20:31 | Build | House |
| 20:32 | Create | Villager (Male) |
| 20:36 | Create | Villager (Male) |
| 20:42 | Create | Villager (Male) |
| 20:48 | Create | Villager (Male) |
| 20:51 | Create | Villager (Male) |
| 20:52 | Create | Villager (Male) |
| 20:58 | Build | House |
| 20:59 | Build | House |
| 21:02 | Build | House |
| 21:06 | Create | Villager (Male) |
| 21:11 | Create | Villager (Male) |
| 21:13 | Research | Gold Mining |
| 21:19 | Build | Siege Workshop |
| 21:26 | Create | Villager (Male) |
| 21:29 | Build | Mining Camp |
| 21:34 | Create | Villager (Male) |
| 21:42 | Build | House |
| 21:43 | Build | House |
| 21:44 | Create | Villager (Male) |
| 21:49 | Build | Farm |
| 21:50 | Build | Farm |
| 22:03 | Create | Villager (Male) |
| 22:05 | Build | Farm |
Build order — Sarder King
First 150 of 338 actions detected
| 0:01 | Create | Villager (Male) |
| 0:02 | Create | Villager (Male) |
| 0:02 | Create | Villager (Male) |
| 0:02 | Create | Villager (Male) |
| 0:02 | Create | Villager (Male) |
| 0:04 | Build | House |
| 0:06 | Build | House |
| 1:30 | Create | Villager (Male) |
| 1:30 | Create | Villager (Male) |
| 2:04 | Create | Villager (Male) |
| 2:04 | Create | Villager (Male) |
| 2:24 | Create | Villager (Male) |
| 2:24 | Create | Villager (Male) |
| 2:46 | Create | Villager (Male) |
| 2:47 | Create | Villager (Male) |
| 2:47 | Create | Villager (Male) |
| 2:47 | Create | Villager (Male) |
| 3:01 | Build | Lumber Camp |
| 3:32 | Create | Villager (Male) |
| 3:32 | Create | Villager (Male) |
| 3:32 | Create | Villager (Male) |
| 3:51 | Build | House |
| 3:52 | Build | House |
| 4:34 | Create | Villager (Male) |
| 4:34 | Create | Villager (Male) |
| 4:37 | Create | Villager (Male) |
| 4:37 | Create | Villager (Male) |
| 4:37 | Create | Villager (Male) |
| 4:37 | Create | Villager (Male) |
| 4:53 | Create | Villager (Male) |
| 4:53 | Create | Villager (Male) |
| 4:53 | Create | Villager (Male) |
| 5:23 | Create | Villager (Male) |
| 5:23 | Create | Villager (Male) |
| 5:46 | Create | Villager (Male) |
| 5:46 | Create | Villager (Male) |
| 5:50 | Create | Villager (Male) |
| 5:51 | Create | Villager (Male) |
| 5:51 | Create | Villager (Male) |
| 5:52 | Create | Villager (Male) |
| 5:52 | Create | Villager (Male) |
| 6:23 | Build | Mining Camp |
| 6:32 | Create | Villager (Male) |
| 7:19 | Build | Mill |
| 8:10 | Research | Feudal Age |
| 9:31 | Build | Farm |
| 9:32 | Build | Farm |
| 9:33 | Build | Farm |
| 9:34 | Build | Farm |
| 9:45 | Build | House |
| 9:46 | Build | House |
| 10:00 | Research | Loom |
| 10:00 | Create | Villager (Male) |
| 10:01 | Create | Villager (Male) |
| 11:05 | Build | Market |
| 11:16 | Build | Blacksmith |
| 11:26 | Build | Farm |
| 11:32 | Create | Villager (Male) |
| 11:49 | Build | Farm |
| 12:20 | Create | Villager (Male) |
| 12:34 | Research | Castle Age |
| 13:09 | Research | Double-Bit Axe |
| 13:15 | Research | Stone Mining |
| 13:32 | Create | Villager (Male) |
| 13:32 | Create | Villager (Male) |
| 13:45 | Build | Farm |
| 13:49 | Research | Horse Collar |
| 14:06 | Build | Barracks |
| 14:11 | Build | House |
| 14:12 | Build | House |
| 14:21 | Create | Villager (Male) |
| 14:55 | Create | Villager (Male) |
| 14:55 | Create | Villager (Male) |
| 15:35 | Build | Town Center |
| 15:42 | Create | Villager (Male) |
| 16:09 | Research | Gold Mining |
| 16:10 | Create | Villager (Male) |
| 16:10 | Create | Villager (Male) |
| 16:11 | Create | Villager (Male) |
| 16:23 | Create | Spearman |
| 16:23 | Create | Spearman |
| 16:29 | Create | Spearman |
| 16:41 | Create | Villager (Male) |
| 16:41 | Create | Villager (Male) |
| 16:53 | Build | Farm |
| 17:20 | Create | Villager (Male) |
| 17:20 | Create | Villager (Male) |
| 17:30 | Create | Villager (Male) |
| 18:03 | Create | Villager (Male) |
| 18:03 | Create | Villager (Male) |
| 18:19 | Build | Farm |
| 18:21 | Build | Farm |
| 18:31 | Create | Villager (Male) |
| 18:31 | Create | Villager (Male) |
| 19:01 | Build | Castle |
| 19:07 | Create | Villager (Male) |
| 19:31 | Create | Villager (Male) |
| 19:31 | Create | Villager (Male) |
| 19:31 | Create | Villager (Male) |
| 19:45 | Build | Town Center |
| 19:49 | Build | Farm |
| 19:50 | Build | Farm |
| 19:51 | Build | Farm |
| 19:54 | Create | Villager (Male) |
| 19:54 | Create | Villager (Male) |
| 20:04 | Build | Farm |
| 20:14 | Build | Farm |
| 20:15 | Build | Farm |
| 20:23 | Create | Villager (Male) |
| 20:23 | Create | Villager (Male) |
| 20:24 | Create | Villager (Male) |
| 20:28 | Build | House |
| 20:36 | Build | House |
| 20:37 | Build | House |
| 20:40 | Create | Villager (Male) |
| 20:40 | Create | Villager (Male) |
| 20:59 | Build | Farm |
| 21:07 | Build | Mining Camp |
| 21:18 | Create | Petard |
| 21:19 | Create | Petard |
| 21:19 | Create | Petard |
| 21:21 | Create | Villager (Male) |
| 21:21 | Create | Villager (Male) |
| 21:38 | Create | Petard |
| 21:38 | Create | Petard |
| 21:41 | Create | Villager (Male) |
| 21:42 | Create | Villager (Male) |
| 21:52 | Build | University |
| 21:54 | Build | House |
| 21:55 | Build | House |
| 21:59 | Create | Villager (Male) |
| 21:59 | Create | Villager (Male) |
| 21:59 | Create | Villager (Male) |
| 22:07 | Research | Wheelbarrow |
| 22:16 | Build | Farm |
| 22:17 | Build | Farm |
| 22:19 | Build | Farm |
| 22:26 | Build | Farm |
| 22:30 | Create | Villager (Male) |
| 22:30 | Create | Villager (Male) |
| 22:30 | Create | Villager (Male) |
| 22:30 | Create | Villager (Male) |
| 22:42 | Create | Organ Gun |
| 22:50 | Build | Farm |
| 22:55 | Create | Villager (Male) |
| 22:55 | Create | Villager (Male) |
| 22:55 | Create | Villager (Male) |
| 23:05 | Build | Farm |
| 23:06 | Build | Farm |
| 23:10 | Build | Farm |
Match timeline
| 9:56 | 帝国浪子 · age_up feudal |
| 10:06 | tumine · age_up feudal |
| 10:26 | Trog · age_up feudal |
| 10:44 | LD · age_up feudal |
| 11:51 | Rashedul · age_up feudal |
| 12:20 | TikishTakush · age_up feudal |
| 12:46 | mannamehdi · age_up feudal |
| 13:42 | tumine · age_up castle |
| 14:06 | Sarder King · first_building Barracks |
| 14:36 | Trog · first_building Barracks |
| 14:56 | mannamehdi · first_building Barracks |
| 15:34 | 帝国浪子 · age_up castle |
| 15:35 | mannamehdi · first_building Stable |
| 15:44 | LD · age_up castle |
| 15:46 | Rashedul · age_up castle |
| 16:02 | Rashedul · tribute_sent a jugador 1 |
| 16:02 | Rashedul · tribute_sent a jugador 3 |
| 16:02 | Rashedul · tribute_sent a jugador 4 |
| 16:02 | Rashedul · tribute_sent a jugador 5 |
| 16:02 | Rashedul · tribute_sent a jugador 6 |
| 16:02 | Rashedul · tribute_sent a jugador 7 |
| 16:02 | Rashedul · tribute_sent a jugador 8 |
| 16:20 | Trog · first_building Stable |
| 16:36 | mannamehdi · age_up castle |
| 16:53 | Rashedul · first_building Monastery |
| 16:54 | Trog · age_up castle |
| 17:13 | mannamehdi · first_building Castle |
| 17:13 | Rashedul · tribute_sent a jugador 1 |
| 17:13 | Rashedul · tribute_sent a jugador 3 |
| 17:13 | Rashedul · tribute_sent a jugador 4 |
| 17:13 | Rashedul · tribute_sent a jugador 5 |
| 17:13 | Rashedul · tribute_sent a jugador 6 |
| 17:13 | Rashedul · tribute_sent a jugador 7 |
| 17:13 | Rashedul · tribute_sent a jugador 8 |
| 18:01 | TikishTakush · first_building Barracks |
| 18:07 | LD · first_market_sell 100 wood |
| 18:08 | LD · first_market_buy 100 stone |
| 18:10 | 帝国浪子 · first_building Monastery |
| 18:22 | LD · wall_segment Stone Wall x8 |
| 18:26 | TikishTakush · age_up castle |
| 18:34 | LD · wall_segment Stone Wall x9 |
| 18:42 | TikishTakush · first_building Monastery |
| 18:57 | LD · first_building Siege Workshop |
| 19:01 | Sarder King · first_building Castle |
| 19:20 | tumine · first_building Monastery |
| 19:24 | TikishTakush · first_building Siege Workshop |
| 20:06 | TikishTakush · first_building Archery Range |
| 20:27 | LD · first_building Barracks |
| 20:49 | Rashedul · first_building Barracks |
| 21:03 | Sarder King · first_market_buy 100 wood |
| 21:19 | tumine · first_building Siege Workshop |
| 21:53 | Rashedul · first_building Stable |
| 21:59 | LD · first_building Archery Range |
| 22:12 | mannamehdi · first_building Siege Workshop |
| 23:07 | tumine · first_building Barracks |
| 23:17 | LD · wall_segment Stone Wall x7 |
| 23:21 | LD · wall_segment Stone Wall x7 |
| 23:39 | Rashedul · first_building Castle |
| 23:51 | TikishTakush · age_up imperial |
| 24:12 | 帝国浪子 · wall_segment Stone Wall x7 |
| 24:21 | tumine · first_building Stable |
| 24:23 | Rashedul · tribute_sent a jugador 1 |
| 24:23 | Rashedul · tribute_sent a jugador 3 |
| 24:23 | Rashedul · tribute_sent a jugador 4 |
| 24:23 | Rashedul · tribute_sent a jugador 5 |
| 24:23 | Rashedul · tribute_sent a jugador 6 |
| 24:23 | Rashedul · tribute_sent a jugador 7 |
| 24:23 | Rashedul · tribute_sent a jugador 8 |
| 24:53 | 帝国浪子 · first_building Barracks |
| 25:23 | 帝国浪子 · wall_segment Stone Wall x4 |
| 25:27 | 帝国浪子 · wall_segment Stone Wall x6 |
| 25:34 | Sarder King · first_market_sell 500 stone |
| 25:52 | 帝国浪子 · first_building Stable |
| 25:55 | Trog · first_building Siege Workshop |
| 26:08 | 帝国浪子 · first_market_sell 100 food |
| 26:16 | 帝国浪子 · first_market_buy 100 stone |
| 26:26 | 帝国浪子 · first_building Castle |
| 26:49 | tumine · age_up imperial |
| 27:07 | 帝国浪子 · wall_segment Stone Wall x7 |
| 27:18 | LD · wall_segment Stone Wall x3 |
| 27:21 | LD · wall_segment Stone Wall x5 |
| 27:24 | TikishTakush · first_building Stable |
| 27:48 | LD · wall_segment Stone Wall x8 |
| 27:50 | LD · wall_segment Stone Wall x4 |
| 28:45 | Rashedul · tribute_sent a jugador 1 |
| 28:45 | Rashedul · tribute_sent a jugador 3 |
| 28:45 | Rashedul · tribute_sent a jugador 4 |
| 28:45 | Rashedul · tribute_sent a jugador 5 |
| 28:45 | Rashedul · tribute_sent a jugador 6 |
| 28:45 | Rashedul · tribute_sent a jugador 7 |
| 28:45 | Rashedul · tribute_sent a jugador 8 |
| 28:47 | Trog · first_building Castle |
| 28:57 | 帝国浪子 · wall_segment Stone Wall x3 |
| 29:04 | Trog · age_up imperial |
| 29:15 | 帝国浪子 · age_up imperial |
| 30:38 | mannamehdi · age_up imperial |
| 31:19 | LD · wall_segment Stone Wall x5 |
| 31:44 | Trog · first_building Archery Range |
| 32:46 | Trog · first_market_sell 100 wood |
| 32:55 | Sarder King · first_building Stable |
| 33:46 | LD · wall_segment Stone Wall x6 |
| 34:15 | Rashedul · age_up imperial |
| 36:05 | Sarder King · first_building Archery Range |
| 38:03 | mannamehdi · resign |
| 39:02 | LD · first_building Monastery |
| 39:05 | LD · age_up imperial |
[ AI ANALYSIS · 1 CREDIT ]
What really happened in this match?
Wolo.gg analyzes every decision: build order, eco, micro, common mistakes by bracket. Personalized analysis on WhatsApp or Discord in 30 seconds.
Civ guide
Persians
Perfil
Jugador #2046199